 Dungeon Crawl Stone Soup version 0.22-a0-282-gdd34a7d (webtiles) character file.

24336 Amnesiac the Jinx (level 12, -6/77 HPs)
             Began as a Deep Elf Enchanter on Mar 18, 2018.
             Was a High Priest of Sif Muna.
             Mangled by a purple ugly thing (18 damage)
             ... on level 13 of the Dungeon.
             The game lasted 00:40:22 (18168 turns).

Amnesiac the Jinx (Deep Elf Enchanter)             Turns: 18168, Time: 00:40:23

Health: -6/77      AC: 12    Str:  5    XL:     12   Next: 79%
Magic:  19/30      EV: 19    Int: 26    God:    Sif Muna [*****.]
Gold:   1041       SH:  0    Dex: 15    Spells: 24/36 levels left

rFire    + . .     SeeInvis .   a - +1 dagger (venom)
rCold    . . .     Gourm    .   (no shield)
rNeg     . . .     Faith    .   s - +2 robe {rF+}
rPois    .         Spirit   .   (no helmet)
rElec    .         Reflect  .   Q - +2 cloak
rCorr    .         Harm     .   (no gloves)
MR       ++...                  M - +0 pair of boots
Stlth    ++++......             I - amulet of magic regeneration
HPRegen  0.22/turn              u - +4 ring of protection
MPRegen  0.47/turn              v - ring of protection from magic

@: divine energy
A: no striking features
a: Stop Divine Energy, Channel Magic, Forget Spell, Renounce Religion


You were on level 13 of the Dungeon.
You worshipped Sif Muna.
Sif Muna was extremely pleased with you.
You were not hungry.

You visited 3 branches of the dungeon, and saw 15 of its levels.
You also visited: Sewer and Bailey.

You collected 1041 gold pieces.

Inventory:

Hand Weapons
 a - a +1 dagger of venom (weapon)
Missiles
 f - a throwing net (quivered)
Armour
 i - a scarf of cloud immunity
 s - a +2 robe of fire resistance (worn)
 M - a +0 pair of boots (worn)
 Q - a +2 cloak (worn)
Jewellery
 n - an uncursed ring of fire
 r - an uncursed ring of wizardry
 u - a +4 ring of protection (left hand)
 v - a ring of protection from magic (right hand)
 I - an amulet of magic regeneration (around neck)
Wands
 m - a wand of polymorph (24)
 E - a wand of iceblast (13)
 F - a wand of flame (16)
 J - a wand of paralysis (14)
Scrolls
 b - 5 scrolls of teleportation {!r}
 c - 5 scrolls of fog {!r}
 g - 2 scrolls of fear {!r}
 h - 8 scrolls of enchant weapon {!r}
 l - a scroll of remove curse {!r}
 q - 4 scrolls of blinking {!r}
 w - a scroll of amnesia {!r}
 C - 5 scrolls of magic mapping {!r}
 G - a scroll of vulnerability {!r}
 L - a scroll of immolation {!r, unknown}
 O - 5 scrolls of enchant armour {!r, unknown}
 S - 2 scrolls of summoning {!r, unknown}
Potions
 e - 3 potions of flight {!q}
 j - 4 potions of might {!q}
 o - a potion of agility {!q}
 p - 10 potions of curing {!q}
 t - a potion of mutation {!q, unknown}
 x - a potion of ambrosia {!q, unknown}
 z - 2 potions of haste {!q, unknown}
 A - 6 potions of brilliance {!q}
 B - 2 potions of magic {!q}
 D - 8 potions of heal wounds {!q}
 H - 2 potions of invisibility {!q, unknown}
 K - 2 potions of cancellation {!q}
 N - 2 potions of berserk rage {!q}
 R - a potion of resistance {!q}
Miscellaneous
 k - 2 boxes of beasts
Comestibles
 d - 26 rations
 P - 2 chunks of flesh


   Skills:
 - Level 9.7 Fighting
 - Level 8.0 Short Blades
 - Level 9.7 Dodging
 - Level 8.1 Stealth
 + Level 12.9 Spellcasting
 + Level 13.0 Hexes


You had 24 spell levels left.
You knew the following spells:

 Your Spells              Type           Power        Failure   Level  Hunger
a - Ensorcelled Hibernat  Hex/Ice        ######       1%          2    None
b - Corona                Hex            ######.      0%          1    None
d - Dazzling Spray        Conj/Hex       ######       1%          3    None
e - Confuse               Hex            ######..     1%          3    None
w - Tukima's Dance        Hex            ######..     1%          3    None


Dungeon Overview and Level Annotations

Branches:
Dungeon (13/15)            Temple (1/1) D:6            Lair (0/6) D:10
    Orc (1/2) D:10
 Vaults: D:13-14

Altars:
Ashenzari
Cheibriados
Dithmenos
Elyvilon
Fedhas
Gozag
Hepliaklqana
Kikubaaqudgha
Makhleb
Nemelex Xobeh
Okawaru
Qazlal
Ru
Sif Muna
Trog
Uskayaw
Vehumet
Wu Jian
Xom
Yredelemnul
Zin
The Shining One
Beogh

Shops:
D:9 =

Annotations:
Orc:1 Snorg


Message History

The killer bee is lightly wounded.
The killer bee barely misses you.
The killer bee stings you but does no damage.
Casting: Ensorcelled Hibernation (safe; 1% risk of failure)
Confirm with . or Enter, or press ? or * to list all spells.
Aiming: Ensorcelled Hibernation (safe; 1% risk of failure)
Press: ? - help, Shift-Dir - straight line, f/p - killer bee
Aim: a killer bee (lightly wounded, poisoned, chance to defeat MR: 79%)
The killer bee looks drowsy...
The helpless killer bee fails to defend itself.
You spit the killer bee like a pig!!!
You kill the killer bee!
Sif Muna accepts your kill.
Unknown command.
You start resting.
Magic restored.
You start resting.
Casting: Ensorcelled Hibernation (safe; 1% risk of failure)
Confirm with . or Enter, or press ? or * to list all spells.
Aiming: Ensorcelled Hibernation (safe; 1% risk of failure)
Press: ? - help, Shift-Dir - straight line, f - purple ugly thing
Aim: a purple ugly thing (hasn't noticed you, chance to defeat MR: 55%)
The purple ugly thing resists with some effort.
The purple ugly thing tail-slaps you.
* * * LOW HITPOINT WARNING * * *
Casting: Ensorcelled Hibernation (safe; 1% risk of failure)
Confirm with . or Enter, or press ? or * to list all spells.
Aiming: Ensorcelled Hibernation (safe; 1% risk of failure)
Press: ? - help, Shift-Dir - straight line, f/p - purple ugly thing
Aim: a purple ugly thing (chance to defeat MR: 55%)
The purple ugly thing resists with some effort.
The purple ugly thing closely misses you.
Casting: Ensorcelled Hibernation (safe; 1% risk of failure)
Confirm with . or Enter, or press ? or * to list all spells.
Aiming: Ensorcelled Hibernation (safe; 1% risk of failure)
Press: ? - help, Shift-Dir - straight line, f/p - purple ugly thing
Aim: a purple ugly thing (chance to defeat MR: 55%)
The purple ugly thing resists with some effort.
The purple ugly thing misses you.
Casting: Ensorcelled Hibernation (safe; 1% risk of failure)
Confirm with . or Enter, or press ? or * to list all spells.
Aiming: Ensorcelled Hibernation (safe; 1% risk of failure)
Press: ? - help, Shift-Dir - straight line, f/p - purple ugly thing
Aim: a purple ugly thing (chance to defeat MR: 55%)
The purple ugly thing resists with some effort.
The purple ugly thing tail-slaps you!
* * * LOW HITPOINT WARNING * * *
Casting: Ensorcelled Hibernation (safe; 1% risk of failure)
Confirm with . or Enter, or press ? or * to list all spells.
Aiming: Ensorcelled Hibernation (safe; 1% risk of failure)
Press: ? - help, Shift-Dir - straight line, f/p - purple ugly thing
Aim: a purple ugly thing (chance to defeat MR: 55%)
The purple ugly thing resists with some effort.
The purple ugly thing tail-slaps you.
* * * LOW HITPOINT WARNING * * *
Okay, then.
Casting: Ensorcelled Hibernation (safe; 1% risk of failure)
Confirm with . or Enter, or press ? or * to list all spells.
Aiming: Confuse (safe; 1% risk of failure)
Press: ? - help, Shift-Dir - straight line, f/p - purple ugly thing
Aim: a purple ugly thing (chance to defeat MR: 66%)
The purple ugly thing struggles to resist.
The purple ugly thing tail-slaps you!!
You die...

..yy ###.....###...(.......
%.yy. ##...........##........
..yyyy###..#.....######........
....y.†u.y##.....# #........
...yyy#######.#### ####.####
####+ #..## #.## ##†.# #.)#
####u## ##'## #..@..# #...#
#.....# #.#.# #.....#####
#.#... #.........# #.###.
#.....###.#####...#. ###.###
#.....'.### #.### #######.....
#...## ###'## ###..# ##.#


You could see a purple ugly thing.

Vanquished Creatures
  A hydra (D:10)
  Erica (D:8)
  5 two-headed ogres
  A tengu warrior (D:12)
  3 unseen horrors
  2 orc knights
  4 ugly things
  A manticore (D:12)
  A centaur zombie (D:10)
  Psyche (D:9)
  A komodo dragon (D:10)
  4 trolls
  2 slime creatures (D:13)
  3 hippogriffs
  The ghost of Amnesiac the Cutter, an amateur DEEn (D:4)
  A wraith (D:7)
  3 hogs (D:7)
  A wyvern (D:5)
  A human (D:7)
  13 yaks
  Grum (D:11)
  3 vampire mosquitoes (D:13)
  A steam dragon (D:12)
  A warg (Orc:1)
  Duvessa (D:5)
  2 acid dragons
  A water moccasin (D:5)
  4 black bears
  4 ice beasts
  12 orc warriors
  4 ogres
  4 wolves
  12 centaurs
  2 big kobolds
  Blork the orc (D:5)
  8 bullfrogs
  Dowan (D:5)
  A water moccasin zombie (D:7)
  5 scorpions
  A water moccasin skeleton (D:10)
  17 killer bees
  10 wights
  A howler monkey (D:7)
  3 electric eels (D:10)
  A bullfrog zombie (D:12)
  4 crimson imps
  A quasit (D:11)
  11 hounds
  7 orc priests
  3 jellies
  2 bullfrog skeletons (D:7)
  2 centaur skeletons
  Natasha (twice) (D:5 D:4)
  3 iguanas
  13 worker ants
  16 orc wizards
  4 gnolls (D:4)
  4 river rats (Sewer)
  17 adders
  4 shadow imps
  5 oozes
  2 adder zombies
  2 adder skeletons
  2 worms
  2 dart slugs
  6 leopard geckos
  74 orcs
  12 ball pythons
  5 bats
  7 giant cockroaches
  9 goblins
  4 hobgoblins
  7 jackals
  15 kobolds
  3 quokkas
  4 frilled lizards
  A jackal zombie (D:6)
  2 leopard gecko skeletons
  28 rats
434 creatures vanquished.

Vanquished Creatures (collateral kills)
  10 orc warriors
  2 howler monkeys (D:8)
  7 orcs (Bailey)
19 creatures vanquished.

Vanquished Creatures (others)
  2 dancing weapons (D:8)
2 creatures vanquished.

Grand Total: 455 creatures vanquished

Notes
Turn   | Place    | Note
-------+----------+-------------------------------------------
     0 | D:1      | Amnesiac the Deep Elf Enchanter began the quest for the Orb.
     0 | D:1      | Reached XP level 1. HP: 10/10 MP: 6/6
   239 | D:1      | Reached skill level 1 in Fighting
   311 | D:1      | Reached XP level 2. HP: 16/16 MP: 6/8
   347 | D:1      | Learned a level 2 spell: Ensorcelled Hibernation
   674 | D:1      | Reached XP level 3. HP: 12/21 MP: 0/9
  1196 | D:1      | Learned a level 3 spell: Confuse
  1373 | D:2      | Learned a level 3 spell: Tukima's Dance
  1717 | D:3      | Reached XP level 4. HP: 22/27 MP: 5/11
  2248 | D:3      | Found a white marble altar of Elyvilon.
  2310 | D:3      | Noticed Natasha
  2835 | D:3      | Reached XP level 5. HP: 31/31 MP: 9/13
  2849 | D:3      | Learned a level 3 spell: Dazzling Spray
  2862 | D:3      | Found a hide-covered altar of Uskayaw.
  2865 | D:3      | Found a glowing silver altar of Zin.
  2865 | D:3      | Found a burning altar of Makhleb.
  2915 | D:3      | Found an ornate altar of the Wu Jian Council.
  2917 | D:3      | Found a basalt altar of Yredelemnul.
  3219 | D:3      | Found a white marble altar of Elyvilon.
  3648 | D:4      | Noticed Amnesiac's ghost (amateur DEEn)
  3664 | D:4      | Killed Amnesiac's ghost
  3664 | D:4      | Reached XP level 6. HP: 36/36 MP: 8/14
  3910 | D:4      | Reached skill level 5 in Short Blades
  3936 | D:3      | Found an ornate altar of the Wu Jian Council.
  3936 | D:3      | Found a basalt altar of Yredelemnul.
  3936 | D:3      | Found a glowing silver altar of Zin.
  3936 | D:3      | Found a burning altar of Makhleb.
  3939 | D:3      | Found a hide-covered altar of Uskayaw.
  4145 | D:4      | Reached XP level 7. HP: 41/41 MP: 15/15
  4832 | D:5      | Entered Level 5 of the Dungeon
  4920 | D:5      | Killed Natasha
  4920 | D:5      | Reached skill level 5 in Stealth
  4977 | D:5      | Found a glowing golden altar of the Shining One.
  4980 | D:5      | Noticed a wyvern
  5396 | D:5      | Noticed Blork the orc
  5403 | D:5      | Killed Blork the orc
  5403 | D:5      | Reached XP level 8. HP: 48/48 MP: 9/16
  5448 | D:5      | Noticed Dowan
  5479 | D:5      | Noticed Duvessa
  5480 | D:5      | Found a sparkling altar of Nemelex Xobeh.
  5481 | D:5      | Found an iron altar of Okawaru.
  5498 | D:5      | Killed Duvessa
  5498 | D:5      | Reached skill level 5 in Fighting
  5498 | D:5      | Reached skill level 5 in Dodging
  5499 | D:5      | Killed Dowan
  5633 | D:5      | Noticed Natasha
  5648 | D:4      | Killed Natasha
  6021 | D:5      | Found a bloodstained altar of Trog.
  6365 | D:6      | Found a staircase to the Ecumenical Temple.
  6374 | Temple   | Entered the Ecumenical Temple
  6557 | D:6      | Found the +7 Singing Sword
  6630 | D:6      | Found a glowing drain.
  6645 | Sewer    | Entered a sewer
  7644 | D:6      | Found a radiant altar of Vehumet.
  7767 | D:6      | Learned a level 2 spell: Ensorcelled Hibernation
  7803 | D:6      | Found a snail-covered altar of Cheibriados.
  7804 | D:6      | Reached XP level 9. HP: 54/56 MP: 14/17
  9517 | D:7      | Reached XP level 10. HP: 64/64 MP: 12/18
 10321 | D:8      | Noticed a two-headed ogre
 10375 | D:8      | Found an opulent altar of Gozag.
 10440 | D:8      | Killed a two-headed ogre
 10726 | D:8      | Noticed a two-headed ogre
 10731 | D:8      | Killed a two-headed ogre
 10919 | D:8      | Noticed Erica
 10942 | D:8      | Killed Erica
 11186 | D:9      | Found a shadowy altar of Dithmenos.
 11187 | D:9      | Noticed Psyche
 11192 | D:9      | Killed Psyche
 11454 | D:9      | Reached XP level 11. HP: 58/71 MP: 16/19
 11509 | D:9      | Found Zugor's Jewellery Boutique.
 11707 | D:9      | Found a deep blue altar of Sif Muna.
 11714 | D:9      | Became a worshipper of Sif Muna the Loreminder
 11955 | D:10     | Entered Level 10 of the Dungeon
 12160 | D:10     | Reached skill level 5 in Hexes
 12175 | D:10     | Found a staircase to the Lair.
 12191 | D:10     | Reached skill level 5 in Spellcasting
 12583 | D:10     | Reached * piety under Sif Muna
 12583 | D:10     | Reached skill level 6 in Hexes
 12643 | D:10     | Noticed an orc knight
 12647 | D:10     | Killed an orc knight
 12827 | D:10     | Found a staircase to the Orcish Mines.
 12861 | D:10     | Killed an unseen horror
 12861 | D:10     | Reached skill level 7 in Hexes
 13235 | Orc:1    | Entered Level 1 of the Orcish Mines
 13387 | Orc:1    | Found a roughly hewn altar of Beogh.
 13498 | Orc:1    | Noticed Snorg
 13697 | D:11     | Noticed a four-headed hydra
 13911 | D:10     | Killed a four-headed hydra
 13911 | D:10     | Reached ** piety under Sif Muna
 13911 | D:10     | Reached skill level 8 in Hexes
 14335 | D:11     | Noticed Grum
 14337 | D:11     | Killed Grum
 14580 | D:11     | Reached skill level 9 in Hexes
 15427 | D:12     | Noticed a two-headed ogre
 15469 | D:12     | Killed a two-headed ogre
 15516 | D:12     | Reached skill level 10 in Hexes
 15516 | D:12     | Reached XP level 12. HP: 68/77 MP: 22/27
 15555 | D:12     | Reached *** piety under Sif Muna
 15555 | D:12     | Reached skill level 10 in Spellcasting
 15580 | D:12     | Got a smoking whip
 15757 | D:12     | Found a flagged portal.
 15759 | D:12     | Noticed a two-headed ogre
 15761 | D:12     | Noticed a tengu warrior
 15767 | Bailey   | Entered a bailey
 16321 | Bailey   | Reached skill level 11 in Hexes
 16634 | D:12     | Killed a two-headed ogre
 16634 | D:12     | Reached **** piety under Sif Muna
 16897 | D:12     | Killed a tengu warrior
 17006 | D:12     | Reached skill level 12 in Hexes
 17997 | D:13     | Noticed a two-headed ogre
 18002 | D:13     | Killed a two-headed ogre
 18056 | D:13     | Reached ***** piety under Sif Muna
 18104 | D:13     | Reached skill level 13 in Hexes
 18168 | D:13     | Mangled by a purple ugly thing

Vault maps used:
D:1:      roderic_chinese_lattice_arrival, grunt_decor_mini_mirrors,
          minmay_cupped
D:3:      cheibrodos_helix_gallery, nicolae_overflow_hidden_temple,
          elyvilon_altar_4, uniq_natasha
D:4:      kennysheep_generic_room_3
D:5:      kennysheep_big_flooded_room, minitemple, first_ration, basic_altar,
          bloody_trog, uniq_duvessa, uniq_blork_the_orc
D:6:      kennysheep_mini_moat, minmay_temple_entry_statues_pillars,
          portal_sewer_entry_d, kennysheep_small_spiral, cheibriados_altar_1
D:7:      wad_river_or_something, grunt_livestock, st_stairs_1
D:8:      nicolae_gozag_cash_rules_everything_around_me, minmay_holes,
          uniq_erica
D:9:      lemuel_crystal_altar, lemuel_doored_altar, serial_shops,
          nicolae_shop_trees, uniq_psyche
D:10:     erik_lair_island
D:11:     minmay_misc_feat_iff, uniq_grum
D:12:     serial_co_window_serial, co_window_corner_a,
          co_window_of_opportunity_a, co_window_paths_a,
          co_window_of_opportunity_a, enter_bailey_2
Temple:   jpeg_temple_island
Orc:1:    basic_altar, uniq_snorg
Sewer:    sewer_minmay_w
Bailey:   bailey_polearm_5, bailey

Skill      XL: |  1  2  3  4  5  6  7  8  9 10 11 12 |
---------------+-------------------------------------+-----
Fighting       | 1 2 3 4 6 8 9 |  9.7
Stealth        | 4 5 6 8 |  8.1
Spellcasting   | 4 9 12 | 12.9
Short Blades   | 2 4 5 6 7 8 |  8.0
Dodging        | 3 4 6 8 9 |  9.7
Hexes          | 10 13 | 13.0

Action                   |  1- 3 |  4- 6 |  7- 9 | 10-12 || total
-------------------------+-------+-------+-------+-------++-------
Melee: Dagger            |    86 |    77 |   354 |   698 ||  1215
 Cast: Corona            |     6 |       |       |       ||     6
       Ensorcelled Hiber |    41 |    30 |   134 |   160 ||   365
       Confuse           |       |     4 |    29 |    91 ||   124
       Dazzling Spray    |       |       |     1 |    51 ||    52
       Tukima's Dance    |       |       |       |    19 ||    19
Invok: Divine Energy     |       |       |       |     1 ||     1
Evoke: Wand              |       |       |       |     1 ||     1
  Use: Scroll            |       |     7 |     8 |     7 ||    22
       Potion            |       |     1 |     2 |     3 ||     6
 Stab: Sleeping          |    31 |    25 |    79 |    97 ||   232
       Confused          |       |     4 |    15 |    39 ||    58
       Distracted        |       |     1 |       |     2 ||     3
       Invisible         |       |       |       |     2 ||     2
  Eat: Chunk             |     4 |     5 |    19 |    22 ||    50
       Ration            |       |     1 |       |     2 ||     3
Armor: Robe              |    20 |     9 |    58 |   114 ||   201
       Skin              |       |       |       |    52 ||    52
Dodge: Dodged            |    60 |    37 |   287 |   555 ||   939

Table legend:
 A = Spawn XP
 B = Non-spawn XP
 C = Spawn XP percentage of total XP
 D = Spawn monster count
 E = Non-spawn monster count
 F = Spawn count percentage of total count
 G = Total turns spent on level
                    A         B        C        D         E        F      G
               +---------+---------+-------+---------+---------+-------+---------
         Total |       0 |   34766 |   0.0 |       0 |     453 |   0.0 | 18168
               +---------+---------+-------+---------+---------+-------+---------
           D:1 |       0 |      48 |   0.0 |       0 |      19 |   0.0 |  1197
           D:2 |       0 |      40 |   0.0 |       0 |      14 |   0.0 |   469
           D:3 |       0 |     109 |   0.0 |       0 |      28 |   0.0 |  1866
           D:4 |       0 |     955 |   0.0 |       0 |      26 |   0.0 |  1723
           D:5 |       0 |    1037 |   0.0 |       0 |      16 |   0.0 |  1107
           D:6 |       0 |     464 |   0.0 |       0 |      18 |   0.0 |   867
           D:7 |       0 |    3371 |   0.0 |       0 |      40 |   0.0 |  2307
           D:8 |       0 |    3546 |   0.0 |       0 |      20 |   0.0 |   628
           D:9 |       0 |    1646 |   0.0 |       0 |      30 |   0.0 |   769
          D:10 |       0 |    5097 |   0.0 |       0 |      43 |   0.0 |  1891
          D:11 |       0 |    3850 |   0.0 |       0 |      41 |   0.0 |  1523
          D:12 |       0 |    8083 |   0.0 |       0 |      31 |   0.0 |   893
          D:13 |       0 |    3658 |   0.0 |       0 |      26 |   0.0 |   770
         Orc:1 |       0 |     585 |   0.0 |       0 |      13 |   0.0 |   282
         Sewer |       0 |     357 |   0.0 |       0 |      48 |   0.0 |   958
        Bailey |       0 |    1920 |   0.0 |       0 |      40 |   0.0 |   854
               +---------+---------+-------+---------+---------+-------+---------
